 Dungeon Crawl Stone Soup version 0.25.1-2-g60ff931df9 (webtiles) character file.

Game seed: 13799231337040293501

12461 Martska the Protected (level 11, -9/101 HPs)
             Began as a Minotaur Fighter on Sept 27, 2020.
             Was an Elder of the Shining One.
             Mangled by a death yak (18 damage)
             ... led by a torpor snail
             ... on level 2 of the Lair of Beasts.
             The game lasted 00:21:10 (12317 turns).

Martska the Protected (Minotaur Fighter)           Turns: 12317, Time: 00:21:10

Health: -9/101     AC: 17    Str: 19    XL:     11   Next: 62%
Magic:  24/24      EV: 14    Int:  5    God:    the Shining One [****..]
Gold:   629        SH:  0    Dex: 13    Spells: 10/10 levels left

rFire    . . .     SeeInvis .   A - +0 battleaxe
rCold    . . .     Gourm    .   (shield currently unavailable)
rNeg     + + .     Faith    .   O - +2 scale mail of Lalifore {MR+}
rPois    +         Spirit   .   v - +0 hat
rElec    .         Reflect  .   G - +2 cloak {rPois}
rCorr    .         Harm     .   w - +0 pair of gloves
MR       +....     Rnd*Tele +   X - +0 pair of boots
Stlth    ..........             (no amulet)
HPRegen  0.26/turn              l - ring of magical power
MPRegen  0.19/turn              (no ring)

@: slowed, glowing, very slow
A: retaliatory headbutt, horns 2, teleportitis 1, weak 1
a: Divine Shield, Cleansing Flame, Renounce Religion


You were on level 2 of the Lair of Beasts.
You worshipped the Shining One.
The Shining One was greatly pleased with you.
You were hungry.

You visited 2 branches of the dungeon, and saw 11 of its levels.
You also visited: Bailey.

You collected 629 gold pieces.

Inventory:

Hand Weapons
 A - a +0 battleaxe (weapon)
 K - a +5 falchion of freezing
 S - a +0 dire flail
Armour
 c - a +0 kite shield
 g - a +0 scale mail
 v - a +0 hat (worn)
 w - a +0 pair of gloves (worn)
 y - a +1 ring mail of magic resistance
 G - a +2 cloak of poison resistance (worn)
 O - the +2 scale mail of Lalifore (worn) {MR+}
   (You found it in a bailey)

   It affects your resistance to hostile enchantments.
 X - a +0 pair of boots (worn)
Jewellery
 l - a ring of magical power (left hand)
 E - a +6 ring of intelligence
 H - an uncursed ring of magical power
 I - an uncursed ring of wizardry
Wands
 q - a wand of digging (3)
 N - a wand of iceblast (6)
 V - a wand of paralysis (8)
 Y - a wand of acid (10)
Scrolls
 h - 4 scrolls of magic mapping
 i - 4 scrolls of immolation
 j - 3 scrolls of blinking
 k - 5 scrolls of amnesia
 r - 2 scrolls of remove curse
 s - a scroll of enchant weapon {unknown}
 u - 3 scrolls of teleportation
 x - a scroll of silence {unknown}
 B - a scroll of random uselessness {unknown}
 Q - a scroll of acquirement
 R - 4 scrolls of fog
 W - 3 scrolls of noise {unknown}
 Z - a scroll of enchant armour {unknown}
Potions
 a - a potion of invisibility {unknown}
 d - 2 potions of might
 e - 2 potions of magic
 m - 7 potions of flight
 n - 3 potions of haste
 o - a potion of heal wounds {unknown}
 p - 2 potions of cancellation {unknown}
 t - 6 potions of lignification
 z - 4 potions of mutation
 C - 2 potions of brilliance
 J - 3 potions of degeneration {unknown}
 L - 4 potions of curing {unknown}
 T - a potion of stabbing {unknown}
 U - a potion of experience {unknown}
Comestibles
 f - 16 rations


   Skills:
 * Level 10.3 Fighting
 * Level 10.0 Axes
 * Level 10.4 Armour
 * Level 8.9 Dodging
 - Level 3.7 Shields
 * Level 7.3 Invocations
 * Level 5.0 Evocations


You had 10 spell levels left.
You didn't know any spells.
Your spell library contained the following spells:

 Spells                   Type           Power        Failure   Level  Hunger
 Animate Skeleton         Necr           N/A          78%         1    ##.....
 Pain                     Necr           #...         78%         1    ##.....
 Confusing Touch          Hex            #.......     98%         3    ####...
 Gell's Gravitas          Tloc           #.........   98%         3    ####...
 Vampiric Draining        Necr           #.........   98%         3    ####...
 Animate Dead             Necr           N/A          100%        4    #####..
 Petrify                  Tmut/Erth      #.......     100%        4    #####..
 Agony                    Necr           #.......     100%        5    ######.
 Metabolic Englaciation   Hex/Ice        #.........   100%        5    ######.
 Yara's Violent Unravell  Hex/Tmut       #.........   100%        5    ######.


Dungeon Overview and Level Annotations

Branches:
Dungeon (9/15)             Temple (0/1) D:5            Lair (2/6) D:9
 Bailey (visited)
  Swamp: Lair:2-4    Shoals: Lair:2-4     Snake: Lair:2-4    Spider: Lair:2-4
    Orc: D:9-12

Altars:
Cheibriados
Gozag
Kikubaaqudgha
Makhleb
Nemelex Xobeh
Vehumet
Wu Jian
The Shining One

Annotations:
D:8 2 transporters, Revguard's ghost, novice DsAr


Innate Abilities, Weirdness & Mutations

You reflexively headbutt those who attack you in melee.
You have a pair of horns on your head.
You are occasionally teleported next to monsters.
You are weak. (Str -2)


Message History

The death yak closely misses you.
The torpor snail bites you but does no damage.
The death yak gores you but does no damage.
You hit the torpor snail but do no damage.
You headbutt the torpor snail, but do no damage.
The torpor snail is almost dead.
You slash the death yak! The death yak gores you! The torpor snail bites you!
* * * LOW HITPOINT WARNING * * *
You hit the torpor snail but do no damage.
The torpor snail is almost dead.
You hit the death yak but do no damage. The death yak completely misses you.
You furiously retaliate!
You headbutt the death yak, but do no damage.
The death yak gores you!!
* * * LOW HITPOINT WARNING * * *
The torpor snail bites you but does no damage.
You hit the torpor snail.
The torpor snail is almost dead.
You hit the death yak. The death yak gores you!!
You die...

#..####.###...............
#........#.........#......
####.#....................
#####......#.........#.
#...P........>.....#
###.......#...........
#.................>##.
##.#......#.##......#.
#..#.@..#.#####.......
##.#.#wY..## #.##.....
#...#....## ###.....#
##.P......# ##.....
#######.....##..# #....#
##.#........##..## ###
###.# #..............##
##.# ### #
#.........#....# #.(###
##P. # #.......###.....#
##...####...


You could see a death yak and a torpor snail.

Vanquished Creatures
  2 hydras
  2 kobold demonologists (Bailey)
  3 komodo dragons
  4 spiny frogs
  5 blink frogs (Lair:2)
  2 hippogriffs
  3 wyverns
  A basilisk (Lair:1)
  Edmund (D:6)
  8 water moccasins
  12 orc warriors
  2 black bears
  7 porcupines
  3 ice beasts
  A sky beast (D:6)
  A phantom (D:9)
  2 ogres
  A centaur (D:7)
  2 crocodiles
  A big kobold (D:8)
  7 bullfrogs
  6 scorpions
  A water moccasin skeleton (D:5)
  3 killer bees (D:7)
  2 electric eels (Bailey)
  8 wights
  6 howler monkeys
  2 centaur zombies
  3 crimson imps
  A quasit (D:5)
  3 hounds
  A centaur skeleton (D:5)
  Crazy Yiuf (D:5)
  3 bullfrog skeletons
  A gnoll shaman (D:7)
  A jelly (D:8)
  8 orc wizards
  An iguana (D:7)
  6 worker ants
  A hound skeleton (D:9)
  A howler monkey zombie (D:5)
  12 gnolls
  16 adders
  3 shadow imps
  An ooze (D:6)
  An adder skeleton (D:8)
  2 dart slugs
  6 leopard geckos
  32 orcs
  5 bats
  3 giant cockroaches
  25 goblins
  14 hobgoblins
  10 jackals
  4 quokkas
  7 frilled lizards
  A goblin skeleton (D:5)
  A hobgoblin zombie (D:5)
  A jackal skeleton (D:7)
  11 kobolds
  3 kobold skeletons (D:5)
  2 kobold zombies (D:5)
  A leopard gecko skeleton (D:8)
  A leopard gecko zombie (D:5)
  An orc skeleton (D:5)
  An orc zombie (D:5)
  A quokka skeleton (D:5)
  A quokka zombie (D:5)
  5 rats
  A fungus (Lair:1)
301 creatures vanquished.

Vanquished Creatures (others)
  4 fungi
  2 plants
6 creatures vanquished.

Grand Total: 307 creatures vanquished

Notes
Turn   | Place    | Note
-------+----------+-------------------------------------------
     0 | D:1      | Martska the Minotaur Fighter began the quest for the Orb.
     0 | D:1      | Reached XP level 1. HP: 19/19 MP: 0/0
   166 | D:1      | Reached XP level 2. HP: 27/27 MP: 1/1
   639 | D:2      | Reached skill level 1 in Dodging
   646 | D:2      | Reached XP level 3. HP: 24/33 MP: 2/2
   847 | D:2      | Found a faded altar of an unknown god.
  1185 | D:2      | Reached XP level 4. HP: 39/41 MP: 3/3
  1910 | D:3      | Reached XP level 5. HP: 47/47 MP: 4/4
  2368 | D:3      | Found an opulent altar of Gozag.
  2667 | D:4      | Reached skill level 5 in Fighting
  2667 | D:4      | Reached skill level 5 in Armour
  2937 | D:4      | Reached XP level 6. HP: 32/56 MP: 5/5
  3492 | D:5      | Entered Level 5 of the Dungeon
  3505 | D:5      | Found an ancient bone altar of Kikubaaqudgha.
  3510 | D:5      | Found a radiant altar of Vehumet.
  3510 | D:5      | Found a snail-covered altar of Cheibriados.
  3562 | D:5      | Found a glowing golden altar of the Shining One.
  3578 | D:5      | Became a worshipper of the Shining One
  3748 | D:5      | Found a staircase to the Ecumenical Temple.
  3844 | D:5      | Found a runed translucent door.
  3845 | D:5      | Noticed Crazy Yiuf
  4260 | D:5      | Killed Crazy Yiuf
  4260 | D:5      | Reached XP level 7. HP: 57/62 MP: 6/6
  4422 | D:6      | Reached skill level 5 in Axes
  4422 | D:6      | Reached skill level 1 in Invocations
  4462 | D:6      | Noticed Edmund
  4469 | D:6      | Killed Edmund
  4628 | D:6      | Reached * piety under the Shining One
  4628 | D:6      | Reached XP level 8. HP: 64/71 MP: 8/8
  4851 | D:6      | Found a sparkling altar of Nemelex Xobeh.
  5258 | D:7      | Reached skill level 5 in Dodging
  5876 | D:7      | Reached XP level 9. HP: 76/79 MP: 10/10
  5879 | D:7      | Reached ** piety under the Shining One
  6102 | D:7      | Found a burning altar of Makhleb.
  6828 | D:8      | Reached skill level 1 in Evocations
  6854 | D:8      | Noticed a white ugly thing
  6855 | D:8      | Noticed a centaur warrior
  7017 | D:8      | Found a flagged portal.
  7049 | D:8      | Noticed Revguard's ghost (novice DsAr)
  7058 | D:8      | Reached *** piety under the Shining One
  7060 | D:8      | Found a transporter.
  7095 | Bailey   | Entered a bailey
  7116 | Bailey   | HP: 4/81 [electric eel/bolt of electricity (14)]
  7117 | Bailey   | The Shining One protects you from harm!
  7118 | Bailey   | Reached skill level 5 in Invocations
  7489 | Bailey   | Found an iron altar of Okawaru.
  7489 | Bailey   | Noticed a kobold demonologist
  7489 | Bailey   | Noticed a kobold demonologist
  7499 | Bailey   | Noticed a hellwing
  7504 | Bailey   | Killed a kobold demonologist
  7506 | Bailey   | Gained mutation: You are occasionally teleported next to
                  | monsters. [a neqoxec]
  7509 | Bailey   | Gained mutation: You are weak. (Str -2) [a neqoxec]
  7511 | Bailey   | Killed a kobold demonologist
  7648 | Bailey   | Reached XP level 10. HP: 64/90 MP: 12/12
  7679 | Bailey   | Got a translucent scale mail
  7695 | Bailey   | Identified the +2 scale mail of Lalifore {MR+} (You found
                  | it in a bailey)
  8800 | D:8      | Found a transporter.
  9661 | D:9      | Found a staircase to the Lair.
  9680 | Lair:1   | Entered Level 1 of the Lair of Beasts
  9852 | Lair:1   | Noticed a spiny frog
  9860 | Lair:1   | Killed a spiny frog
 10078 | Lair:1   | Noticed a spiny frog
 10083 | Lair:1   | Noticed an eight-headed hydra
 10086 | Lair:1   | Killed a spiny frog
 10088 | Lair:1   | Reached XP level 11. HP: 72/99 MP: 14/14
 10842 | Lair:1   | Killed an eight-headed hydra
 10842 | Lair:1   | Reached skill level 10 in Armour
 11313 | Lair:2   | Reached skill level 10 in Fighting
 11878 | Lair:2   | Found an ornate altar of the Wu Jian Council.
 11887 | Lair:2   | Reached **** piety under the Shining One
 11933 | Lair:2   | Noticed a five-headed hydra
 11945 | Lair:2   | Killed a five-headed hydra
 11945 | Lair:2   | Reached skill level 10 in Axes
 11945 | Lair:2   | Reached skill level 5 in Evocations
 12308 | Lair:2   | Noticed a death yak
 12317 | Lair:2   | Mangled by a death yak

Illustrated notes

Levels and vault maps discovered:
D:1:      lightli_arrival_lavapool, layout_basic, lemuel_flame_loot_1
D:2:      layout_rooms, chequers_ecumenical_altar_grove, first_ration,
          grunt_decor_cap
D:3:      layout_basic, grunt_gozag_statues
D:4:      layout_cave_pools
D:5:      layout_basic, nicolae_tso_besieged_by_evil,
          grunt_temple_overflow_open, temple_statues, minmay_stone_trees_medium,
          uniq_crazy_yiuf_cottage
D:6:      layout_cave_pods, nemelex_xobeh_ov_fountains_minmay, uniq_edmund
D:7:      layout_cave_pods, old_standard_altar
D:8:      layout_rooms, gammafunk_ghost_arena, enter_bailey_3
D:9:      layout_rooms, grunt_lair_entry_orc_guard_hut
Lair:1:   layout_cave_pods
Lair:2:   layout_misc_corridors, basic_altar, ldierk_geyser

Skill      XL: |  1  2  3  4  5  6  7  8  9 10 11 |
---------------+----------------------------------+-----
Armour         | 4 5 6 7 8 9 10 | 10.4
Fighting       | 4 5 6 7 8 9 10 | 10.3
Dodging        | 1 2 3 4 5 7 8 |  8.9
Axes           | 3 4 5 6 8 9 10 | 10.0
Invocations    | 2 3 5 6 7 |  7.3
Evocations     | 2 4 5 |  5.0
Shields        | |  3.7

Action                   |  1- 3 |  4- 6 |  7- 9 | 10-12 || total
-------------------------+-------+-------+-------+-------++-------
Melee: War axe           |    71 |   144 |   274 |    22 ||   511
       Headbutt          |    10 |    22 |    58 |    48 ||   138
       Battleaxe         |       |       |       |   212 ||   212
       Dire flail        |       |       |       |    15 ||    15
Invok: Divine Shield     |       |       |     1 |       ||     1
Evoke: Wand              |       |       |       |     4 ||     4
  Use: Scroll            |       |     3 |     8 |     5 ||    16
 Stab: Distracted        |       |     1 |       |       ||     1
  Eat: Chunk             |     1 |     6 |     7 |     5 ||    19
       Ration            |       |     1 |     2 |     2 ||     5
Armor: Scale mail        |    41 |    72 |       |   157 ||   270
       Ring mail         |       |     9 |    94 |     2 ||   105
Dodge: Dodged            |    25 |    69 |   124 |   266 ||   484
Block: Kite shield       |    23 |    80 |   145 |    10 ||   258
